 Dungeon Crawl Stone Soup version 0.27-a0-1278-g6cbc8dfb29 (webtiles) character file.

Game seed: 2416141131772018318

144 trckry the Shooter (level 5, -1/28 HPs)
             Began as a Deep Elf Arcane Marksman on June 13, 2021.
             Slain by a bullfrog (7 damage)
             ... in a sewer.
             The game lasted 00:11:36 (4597 turns).

trckry the Shooter (Deep Elf Arcane Marksman)       Turns: 4597, Time: 00:11:37

Health: -1/28      AC:  3    Str:  8    XL:     5   Next: 5%
Magic:  8/9        EV: 12    Int: 18    God:
Gold:   67         SH:  0    Dex: 15    Spells: 6/7 levels left

rFire    . . .     SeeInvis .   b - +2 dagger (venom)
rCold    . . .     Faith    .   (no shield)
rNeg     . . .     Spirit   .   e - +0 robe
rPois    .         Reflect  .   (no helmet)
rElec    .         Harm     .   h - +0 cloak
rCorr    .         Rampage  .   (no gloves)
Will     .....                  (no boots)
Stlth    +.........             (no amulet)
HPRegen  0.09/turn              (no ring)
MPRegen  0.11/turn              (no ring)

@: no status effects
A: no striking features
a: no special abilities


You were in a sewer.
You visited 1 branch of the dungeon, and saw 3 of its levels.
You also visited: Sewer.

You collected 67 gold pieces.

Inventory:

Hand Weapons
 a - a +0 shortbow
 b - a +2 dagger of venom (weapon)
Missiles
 d - 19 arrows
Armour
 e - a +0 robe (worn)
 h - a +0 cloak (worn)
Scrolls
 c - a scroll of identify
 g - a scroll of blinking {unknown}
Potions
 f - a potion of attraction


   Skills:
 + Level 0.7 Fighting
 * Level 5.9 Bows
 - Level 2.4 Dodging
 - Level 1.5 Spellcasting
 + Level 5.4 Hexes


You had 6 spell levels left.
You knew the following spells:

 Your Spells              Type           Power      Damage    Failure   Level
a - Corona                Hex            22%        N/A       1%          1

Your spell library contained the following spells:

 Spells                   Type           Power      Damage    Failure   Level
 Slow                     Hex            20%        N/A       3%          2
 Summon Small Mammal      Summ           4%         N/A       19%         1
 Inner Flame              Hex/Fire       11%        N/A       19%         3
 Portal Projectile        Hex/Tloc       22%        N/A       19%         3
 Summon Guardian Golem    Hex/Summ       11%        N/A       19%         3
 Cause Fear               Hex            10%        N/A       21%         4
 Call Imp                 Summ           1%         N/A       28%         2
 Call Canine Familiar     Summ           1%         N/A       50%         3
 Leda's Liquefaction      Hex/Erth       5%         N/A       52%         4
 Summon Ice Beast         Ice/Summ       1%         N/A       88%         4
 Summon Lightning Spire   Summ/Air       1%         N/A       88%         4


Dungeon Overview and Level Annotations

Branches:
Dungeon (3/15)              Sewer (1/1)

Altars:


Message History

Moving in this stuff is going to be slow.
You enter the shallow water.
Moving in this stuff is going to be slow.
You enter the shallow water.
Moving in this stuff is going to be slow.
You enter the shallow water.
Moving in this stuff is going to be slow.
You enter the shallow water.
Moving in this stuff is going to be slow.
Found a silver ring and a longbow.
Health restored: 28
Found a plate armour, a leather armour and 10 gold pieces.
You enter the shallow water.
Moving in this stuff is going to be slow.
You enter the shallow water.
Moving in this stuff is going to be slow.
Why would you want to do that?
Found a gate leading back out of this place.
You enter the shallow water.
Moving in this stuff is going to be slow. 2 bullfrogs come into view.
The bullfrog croaks.
Casting: Corona (safe; 1% risk of failure)
Confirm with . or Enter, or press ? or * to list all spells.
Aiming: Corona (safe; 1% risk of failure)
Press: ? - help, Shift-Dir - straight line, f - bullfrog
Aim: a bullfrog (chance to affect: 59%)
The bullfrog is outlined in light.
The bullfrog hits you. The bullfrog completely misses you.
You take 5 damage, and have 23/28 hp.
You now have 8/9 mp.
You hit the bullfrog.
The bullfrog is poisoned.
The bullfrog is lightly wounded.
The bullfrog closely misses you. The bullfrog hits you. x2
You take 9 damage, and have 14/28 hp.
MASSIVE DAMAGE!!
You hit the bullfrog.
The bullfrog looks as sick as possible!
The bullfrog is lightly wounded.
The bullfrog hits you!
* * * LOW HITPOINT WARNING * * *
The bullfrog hits you!
You die...

#†# #.≈≈≈.≈≈≈≈≈≈≈≈≈≈ #.#
#†# #.≈≈≈.≈≈≈≈≈≈.≈≈≈≈##
#.# #∩#
#.≈≈≈.≈≈≈≈≈.≈≈≈≈≈≈# #÷#
#.# #.≈≈≈≈≈≈≈≈≈[.≈≈≈≈≈#
#.# #∩#
#.≈≈≈≈≈≈≈.=)[.≈≈≈≈# #†#
#.# #.≈≈≈≈≈≈≈≈≈$.≈≈≈≈≈#
#.# ###
#.≈≈≈≈≈≈≈≈≈.≈≈≈≈≈≈# #.#
#.≈≈≈≈≈≈.≈≈F.≈≈≈≈≈# #.#
#.≈≈≈≈≈≈≈≈@F≈..≈≈# #≈#
#.≈≈≈≈≈≈≈.≈...∩≈≈# #≈#
#.≈≈≈≈≈≈≈≈≈≈≈≈≈≈≈# #.#
#.≈≈≈≈≈≈≈≈≈≈≈≈≈≈## #≈#
#.≈≈≈≈≈≈≈≈≈≈≈≈≈≈# #≈#
#.≈≈≈.≈≈≈≈≈≈≈≈≈## #≈#
#.≈≈≈.≈≈≈≈≈≈≈≈########≈#
#.≈≈≈≈..≈≈≈≈≈≈≈≈≈≈.≈≈≈≈#
#.≈≈≈≈≈≈≈≈≈≈≈≈≈≈≈≈≈≈≈≈≈#


You could see 2 bullfrogs.

Vanquished Creatures
  8 adders
  3 dart slugs
  7 bats
  An endoplasm (D:1)
  12 giant cockroaches
  4 goblins
  4 hobgoblins
  2 jackals (D:1)
  4 quokkas (Sewer)
  4 ball pythons
  4 frilled lizards
  6 kobolds
  4 rats
63 creatures vanquished.

Notes
Turn   | Place    | Note
-------+----------+-------------------------------------------
     0 | D:1      | trckry the Deep Elf Arcane Marksman began the quest for the
                  | Orb.
     0 | D:1      | Reached XP level 1. HP: 11/11 MP: 5/5
   203 | D:1      | Found a faded altar of an unknown god.
   301 | D:1      | Reached XP level 2. HP: 16/16 MP: 6/6
  1681 | D:2      | Reached XP level 3. HP: 17/20 MP: 7/7
  2925 | D:2      | HP: 2/30 [goblin (3)]
  3551 | D:3      | Reached skill level 5 in Bows
  3551 | D:3      | Reached XP level 4. HP: 21/24 MP: 6/8
  3590 | D:3      | Found a glowing drain.
  3610 | D:3      | HP: 3/24 [poisoned by an adder]
  3615 | D:3      | Reached skill level 5 in Hexes
  3672 | Sewer    | Entered a sewer
  4199 | Sewer    | HP: 1/24 [adder (4)]
  4205 | Sewer    | Reached XP level 5. HP: 9/28 MP: 7/9
  4597 | Sewer    | Slain by a bullfrog

Illustrated notes

Levels and vault maps discovered:
D:1:      lightli_arrival_flooded_house, layout_basic, basic_ecumenical_altar,
          kennysheep_decorative_pillar
D:2:      layout_basic
D:3:      layout_basic, serial_shops, nicolae_shop_stone, gup_sewer_entry_glass,
          minivault_23, kennysheep_generic_room_12, uniq_sigmund
Sewer:    sewer_frog_island_01

Skill      XL: |  1  2  3  4 |
---------------+-------------+-----
Bows           | 3 4 5 |  5.9
Hexes          | 5 |  5.4
Fighting       | |  0.7
Dodging        | |  2.4
Spellcasting   | |  1.5

Action                   |  1- 3 |  4- 6 || total
-------------------------+-------+-------++-------
Melee: Short sword       |    88 |       ||    88
       Dagger            |    15 |    63 ||    78
 Fire: Shortbow          |    67 |       ||    67
 Cast: Corona            |     9 |     9 ||    18
  Use: Potion            |     2 |     2 ||     4
       Scroll            |     2 |       ||     2
Armor: Robe              |    49 |    13 ||    62
Dodge: Dodged            |    91 |    38 ||   129

Table legend: (Time is in decaauts)
 A = Elapsed time spent in this place.
 B = Non-inter-level travel time spent in this place.
 C = Inter-level travel time spent in this place.
 D = Time resting spent in this place.
 E = Time spent auto-exploring this place.
 F = Levels seen in this place.
 G = Mean time per level.
                   A        B        C        D        E       F      G
               +--------+--------+--------+--------+--------+-----+--------+
         Total |   4698 |   4635 |     63 |    525 |   3116 |   4 | 1174.5 |
       Dungeon |   3698 |   3635 |     63 |     16 |   3038 |   3 | 1232.7 |
         Sewer |   1000 |   1000 |      0 |    509 |     78 |   1 | 1000.0 |
               +--------+--------+--------+--------+--------+-----+--------+

Top non-repeatable levels by time:
     D:2: 1995 daAuts
     D:1: 1467 daAuts
   Sewer: 1000 daAuts
     D:3: 235 daAuts
